 Dungeon Crawl Stone Soup version 0.30-a0-272-gf98c3da03f (webtiles) character file.

Game seed: 7537384147741154743

424 lunkers the Basher (level 7, -4/90 HPs)
             Began as a Meteoran Wanderer on Oct 11, 2022.
             Was a Believer of Ashenzari.
             Slain by a hornet (5 damage)
             ... on level 5 of the Dungeon on Oct 15, 2022.
             The game lasted 00:05:44 (1378 turns).

lunkers the Basher (Meteoran Wanderer)              Turns: 1378, Time: 00:05:45

Health: -4/90      AC: 23    Str: 16    XL:     7   Next: 41%
Magic:  8/8        EV:  2    Int: 12    God:    Ashenzari [**....]
Gold:   76         SH:  7    Dex: 15    Spells: 6/6 levels left

rFire   . . .      SeeInvis +    m - +0 mace
rCold   . . .      Faith    .    e - +2 buckler of the Sidereal Augur {Self, Range} (curse)
rNeg    . . .      Spirit   .    (body armour currently unavailable)
rPois   +          Reflect  .    (helmet currently unavailable)
rElec   .          Harm     .    (cloak currently unavailable)
rCorr   .          Rampage  .    (gloves currently unavailable)
Will    .....      NoTele   +    (boots currently unavailable)
Stlth   +.........               (no amulet)
HPRegen 0.35/turn                (no ring)
MPRegen 0.11/turn                (no ring)

@: lethally poisoned (-4 -> -9), tree-form, glowing
A: stationary, stasis, torment immunity, boosted hp, sense surroundings 1,
otherworldly, glowing, explore regen
a: Renounce Religion, Shatter the Chains


You were on level 5 of the Dungeon.
You worshipped Ashenzari.
Ashenzari was pleased with you.
You were a tree.
You visited 1 branch of the dungeon, and saw 5 of its levels.

You collected 76 gold pieces.

Inventory:

Hand Weapons
 a - a +0 club
 m - a +0 mace (weapon)
Missiles
 j - 6 datura-tipped darts
 k - 6 atropa-tipped darts
 r - 10 poisoned darts
 t - 5 boomerangs
Armour
 c - the cursed +0 ring mail "Thunder Perfect Mind" (melded) {Bglg, Elem}

   It has a curse which improves the following skills: Beguiling: Conjurations,
   Hexes and Translocations.
   Elements:  Fire Magic, Ice Magic, Air Magic and Earth Magic.
 e - the cursed +2 buckler of the Sidereal Augur (worn) {Self, Range}

   It has a curse which improves the following skills: Introspection: Fighting
   and Spellcasting.
   Ranged Combat: Ranged Weapons and Throwing.
 q - the cursed +0 helmet "Suspicion of Ashenzari" (melded) {Elem, Fort}
   (You found it on level 3 of the Dungeon)

   It has a curse which improves the following skills: Elements: Fire Magic, Ice
   Magic, Air Magic and Earth Magic.
   Fortitude: Armour and Shields.
Jewellery
 w - the ring "Xudaneos" {Fly rC- rN+ EV+4 Str+9}
   (You found it on level 4 of the Dungeon)

   [ring of evasion]

   EV:        It affects your evasion (+4).
   Str:       It affects your strength (+9).
   rC:        It makes you vulnerable to cold.
   rN:        It protects you from negative energy.
   Fly:       It grants you flight.
Wands
 p - a wand of iceblast (11)
Scrolls
 d - a scroll of silence
 g - a scroll of brand weapon
 i - a scroll of identify
 l - a scroll of teleportation
 s - a scroll of torment
Potions
 b - a potion of lignification
 f - a potion of degeneration
 h - a potion of heal wounds
 n - a potion of ambrosia
 o - a potion of invisibility
 u - a potion of mutation
 v - a potion of brilliance


   Skills:
 - Level 3.2(4.3) Fighting
 + Level 9.0 Maces & Flails
 - Level 2.4 Armour
 - Level 6.0 Shields


You had 6 spell levels left.
You didn't know any spells.
Your spell library was empty.

Dungeon Overview and Level Annotations

Branches:
Dungeon (5/15) Zot: 1563
 Temple: D:4-7

Altars:
Ashenzari
Kikubaaqudgha
Trog


Innate Abilities, Weirdness & Mutations

You are a tree.
Your roots penetrate the ground, keeping you stationary.
You cannot be teleported.
You are immune to unholy pain and torment.
Your maximum health is greatly increased.
Your equipment is partially melded.
You passively map a small area around you.
You are easily found by Zot.
You glow in the dark.
You regain HP and MP as you explore.


Message History

The hornet is moderately wounded.
You feel sick.
The hornet stings you but does no damage. x2
Unknown command.
You closely miss the hornet.
The hornet is moderately wounded.
You feel sick. The hornet stings you.
* * * LOW HITPOINT WARNING * * *
You feel much better.
You feel sick.
The hornet stings you but does no damage.
Unknown command.
You closely miss the hornet.
The hornet is moderately wounded.
You feel sick.
The hornet stings you but does no damage.
The hornet stings you.
* * * LOW HITPOINT WARNING * * *
You feel yourself slow down.
You barely miss the hornet.
The hornet is moderately wounded.
You feel yourself speed up.
You feel sick.
The hornet stings you but does no damage.
The hornet stings you!
* * * LOW HITPOINT WARNING * * *
You are lethally poisoned!
You miss the hornet.
The hornet is moderately wounded.
* * * LOW HITPOINT WARNING * * *
You feel sick.
The hornet stings you but does no damage.
You sock the hornet!
The hornet is severely wounded.
* * * LOW HITPOINT WARNING * * *
You feel sick. The hornet barely misses you. You block the hornet's attack.
You barely miss the hornet.
The hornet is severely wounded.
* * * LOW HITPOINT WARNING * * *
You feel sick. The hornet stings you.
You die...

#.....####.# , ,
#.....)....#.#
#####..######.# , *,
#......# #.# *#.####.#
#.# .. ##.## #.# *
....#...## #.####,#
..........####o...#.##.
............♣yS........
* *
#...#....>#####...#.##,
##.###...## #..## * *
#. ##.## #..#*,* , # *
#..,, ...# , , ,..>,,
##..#* * *###* * *#$.#
, #... , * * .... ,


You could see a hornet, an adder and an orc.

Vanquished Creatures
  A black bear (D:4)
  2 jellies
  A hound (D:4)
  A gnoll bouda (D:4)
  A scorpion zombie (D:3)
  4 adders
  7 gnolls
  A white imp (D:5)
  2 adder skeletons (D:3)
  3 dart slugs
  4 orcs
  6 endoplasms
  4 giant cockroaches
  3 goblins
  3 hobgoblins
  9 jackals
  A quokka (D:2)
  7 ball pythons
  4 bats
  5 frilled lizards
  4 kobolds
  6 rats
79 creatures vanquished.

Vanquished Creatures (others)
  An orc (D:5)
  A hobgoblin (D:4)
  2 plants (D:3)
4 creatures vanquished.

Grand Total: 83 creatures vanquished

Notes
Turn   | Place    | Note
-------+----------+-------------------------------------------
     0 | D:1      | lunkers the Meteoran Wanderer began the quest for the Orb.
     0 | D:1      | lunkers set off with the following items: a +0 club, a
                  | potion of lignification, a +0 ring mail, a scroll of
                  | silence, a +2 buckler.
     0 | D:1      | Reached XP level 1. HP: 19/19 MP: 2/2
    88 | D:1      | Reached skill level 1 in Maces & Flails
   107 | D:1      | Reached XP level 2. HP: 26/26 MP: 3/3
   143 | D:1      | Reached skill level 2 in Maces & Flails
   281 | D:2      | Reached skill level 3 in Maces & Flails
   281 | D:2      | Reached XP level 3. HP: 31/31 MP: 4/4
   390 | D:2      | Found a faded altar of an unknown god.
   408 | D:2      | Prayed at the altar of an unknown god.
   408 | D:2      | Became a worshipper of Ashenzari the Shackled
   547 | D:2      | Found a bloodstained altar of Trog.
   610 | D:2      | Reached skill level 4 in Maces & Flails
   643 | D:2      | Reached XP level 4. HP: 38/38 MP: 5/5
   719 | D:3      | Upgraded the game from 0.30-a0-241-g1121274140 to
                  | 0.30-a0-272-gf98c3da03f
   780 | D:3      | Reached skill level 5 in Maces & Flails
   793 | D:3      | Reached XP level 5. HP: 42/45 MP: 6/6
   845 | D:3      | Reached skill level 6 in Maces & Flails
   898 | D:3      | Found an ancient bone altar of Kikubaaqudgha.
   943 | D:3      | Reached * piety under Ashenzari
   997 | D:4      | Reached XP level 6. HP: 44/51 MP: 7/7
  1006 | D:4      | Reached skill level 7 in Maces & Flails
  1007 | D:4      | Noticed a black bear
  1030 | D:4      | Killed a black bear
  1031 | D:4      | Reached skill level 8 in Maces & Flails
  1035 | D:4      | Reached XP level 7. HP: 21/57 MP: 8/8
  1176 | D:4      | Identified the ring "Xudaneos" {Fly rC- rN+ EV+4 Str+9}
  1241 | D:5      | Entered Level 5 of the Dungeon
  1315 | D:5      | Reached ** piety under Ashenzari
  1341 | D:5      | Reached skill level 9 in Maces & Flails
  1353 | D:5      | Noticed a hornet
  1360 | D:5      | Paralysed by a hornet for 2 turns
  1365 | D:5      | Paralysed by a hornet for 2 turns
  1372 | D:5      | HP: 1/90 [hornet (5)]
  1377 | D:5      | HP: 1/90 [poisoned by a hornet]
  1378 | D:5      | Slain by a hornet

Illustrated notes

Levels and vault maps discovered:
D:1:      roderic_chinese_lattice_arrival, layout_loops_ring
D:2:      layout_loops_ring, basic_altar, hellmonk_ecumenical_altar_crossroads,
          grunt_decor_arrowhead
D:3:      layout_rooms, mainiacjoe_overflow_boulevard, tgw_sif, serial_undead,
          serial_undead_c, serial_undead_e, serial_undead_b, serial_undead_a,
          serial_undead_d, serial_undead_d, minmay_fountain_box,
          corexii_hall_statues_l, st_stairs_3, mrwooster_statue_mirror,
          minmay_crystal_water, uniq_crazy_yiuf_cottage, uniq_jessica
D:4:      layout_rooms, elyvilon_altar_4
D:5:      layout_loops_ring, fedhas_ov_isle_minmay, minmay_temple_entry_ruins,
          serial_shops, shop

Skill      XL: |  1  2  3  4  5  6  7 |
---------------+----------------------+-----
Maces & Flails | 1 3 4 5 6 8 9 |  9.0
Fighting       | |  3.2
Armour         | |  2.4
Shields        | |  6.0

Action                   |  1- 3 |  4- 6 |  7- 9 || total
-------------------------+-------+-------+-------++-------
Melee: Club              |   110 |       |       ||   110
       Mace              |    38 |   130 |    58 ||   226
Invok: Curse Item        |     1 |     1 |     1 ||     3
Evoke: Wand              |       |     3 |       ||     3
  Use: Potion            |       |     1 |     2 ||     3
Armor: Ring mail         |    69 |    51 |    10 ||   130
       Skin              |       |       |    13 ||    13
Dodge: Dodged            |    50 |    57 |    26 ||   133
Block: Buckler           |    56 |    73 |    21 ||   150

Table legend: (Time is in decaauts)
 A = Elapsed time spent in this place.
 B = Non-inter-level travel time spent in this place.
 C = Inter-level travel time spent in this place.
 D = Time resting spent in this place.
 E = Time spent auto-exploring this place.
 F = Levels seen in this place.
 G = Mean time per level.
                   A        B        C        D        E       F      G
               +--------+--------+--------+--------+--------+-----+--------+
         Total |   1435 |   1385 |     50 |      0 |    630 |   5 |  287.0 |
       Dungeon |   1435 |   1385 |     50 |      0 |    630 |   5 |  287.0 |
               +--------+--------+--------+--------+--------+-----+--------+

Top non-repeatable levels by time:
     D:2: 422 daAuts
     D:3: 303 daAuts
     D:1: 299 daAuts
     D:4: 272 daAuts
     D:5: 138 daAuts
